 Dungeon Sprint DCSS version 0.20.1-1-g8b1a95d (console) character file.

0 hilaritas the Insei (level 2, -2/27 HPs)
             Began as an Octopode Transmuter on July 28, 2017.
             Slain by Purgy (3 damage)
             ... in the Dungeon (Sprint VI: "Thunderdome").
             The game lasted 00:01:13 (69 turns).

hilaritas the Insei (Octopode Transmuter)             Turns: 69, Time: 00:01:13

Health: -2/27      AC:  1    Str: 14    XL:     2   Next: 25%
Magic:  4/5        EV: 13    Int: 15    God:
Gold:   200        SH:  0    Dex: 12    Spells: 4/5 levels left

rFire    . . .     SeeInvis .     - Unarmed
rCold    . . .     Gourm    .   (no shield)
rNeg     . . .     Faith    .   (helmet restricted)
rPois    .         Spirit   .   (no amulet)
rElec    .         Reflect  .   (no ring)
rCorr    .         Harm     .   (no ring)
MR       .....     NoTele   +   (no ring)
Stlth    ..........             (no ring)
Regen    0.1/turn               (no ring)
MPRegen  0.1/turn               (no ring)
                                (no ring)
                                (no ring)

@: berserking, appendage, very quick
A: almost no armour, stealthy swim, amphibious, 8 rings, constrict 8, tentacle
spike 3, camouflage 1, gelatinous body 1
a: End Transformation


You were in the Dungeon.
You were not hungry.
One of your tentacles had a temporary spike.
You visited 1 branch You collected 200 gold pieces.

Inventory:

Missiles
 a - 12 arrows
Wands
 k - a wand of acid (5/15)
 l - a wand of iceblast (5/15)
Scrolls
 i - 4 scrolls of blinking
 m - 3 scrolls of fog
Potions
 d - a potion of curing
 e - 3 potions of heal wounds
 f - 4 potions of haste
 g - 2 potions of magic
 j - a potion of resistance
Books
 b - a book of Changes

   Spells                             Type                      Level
   a - Beastly Appendage              Transmutation                1
   b - Sticks to Snakes               Transmutation                2
   c - Spider Form                    Transmutation/Poison         3
   d - Ice Form                       Ice/Transmutation            4
   e - Blade Hands                    Transmutation                5
Comestibles
 c - a bread ration
 n - a chunk of flesh


   Skills:
 - Level 1.0 Fighting
 - Level 2.0 Dodging
 * Level 2.2 Stealth
 * Level 5.0 Unarmed Combat
 - Level 2.0 Spellcasting
 - Level 2.0 Transmutations


You had 4 spell levels left.
You knew the following spells:

 Your Spells              Type           Power        Failure   Level  Hunger
a - Beastly Appendage     Tmut           #.....       10%         1    #......


Dungeon Overview and Level Annotations

Branches:
Dungeon (1/1)

Altars:
Cheibriados
Dithmenos
Fedhas
Gozag
Kikubaaqudgha
Makhleb
Okawaru
Qazlal
Ru
Sif Muna
Trog
Uskayaw
Vehumet
Xom
Yredelemnul
Zin
The Shining One
Beogh
Jiyva
Lugonu

Shops:
D *[%??*?*:[((!!!!

Annotations:
D Purgy


Innate Abilities, Weirdness & Mutations

You cannot wear most types of armour.
You are very stealthy in the water. (Stealth+)
You are amphibious.
You can wear up to eight rings at the same time.
You can use your tentacles to constrict eight enemies at once.
Your skin changes colour to match your surroundings (Stealth+).
Your rubbery body absorbs attacks. (AC +1, EV +1)
One of your tentacles bears a large vicious spike.


Message History

Purgy barely misses you. Purgy claws you. Purgy barely misses you.
You closely miss Purgy.
Purgy is moderately wounded.
Purgy closely misses you. Purgy claws you. x2
You tentacle-slap Purgy.
Purgy is moderately wounded.
Purgy closely misses you. Purgy misses you. Purgy claws you.
Casting: Beastly Appendage
Confirm with . or Enter, or press ? or * to list all spells.
One of your tentacles grows a vicious spike.
Purgy closely misses you. Purgy claws you.
* * * LOW HITPOINT WARNING * * *
Purgy claws you.
* * * LOW HITPOINT WARNING * * *
Unknown command.
A red film seems to cover your vision as you go berserk!
You feel yourself moving faster!
You feel mighty! Purgy bites you but does no damage.
Purgy claws you but does no damage. Purgy claws you.
You die...

##### ##⌠⌠⌠## #.....#
##.....## ##∩.....∩##
#∩.......∩# #_......._#
#_@......_# #rT....÷._#
###.........###
#⌠...........⌠#
######.8.........8.######
#∩_._......###......___∩##
∩........8.# #.8........∩#
...........###............
........###...###.........


You could see Purgy and a quokka.

Vanquished Creatures
  A river rat (D)
  A quokka (D)
2 creatures vanquished.

Notes
Turn   | Place    | Note
-------+----------+-------------------------------------------
     0 | D        | hilaritas the Octopode Transmuter began the quest for the Orb.
     0 | D        | Reached XP level 1. HP: 13/13 MP: 3/3
     3 | D        | Found a radiant altar of Vehumet.
     3 | D        | Found a shadowy altar of Dithmenos.
     4 | D        | Found a deep blue altar of Sif Muna.
     5 | D        | Found an opulent altar of Gozag.
     5 | D        | Found a glowing silver altar of Zin.
     5 | D        | Round 1.
     6 | D        | Found Immulau's Identification Station.
     6 | D        | Found a bloodstained altar of Trog.
     6 | D        | Found Piv Atas's Bee Food.
     7 | D        | Found Aqiec Icig's Advanced Armour.
     7 | D        | Found Lobu's Jewellery.
     8 | D        | Found a basalt altar of Yredelemnul.
     9 | D        | Found Buwim's Premium Goods.
    10 | D        | Found an ancient bone altar of Kikubaaqudgha.
    10 | D        | Found a viscous altar of Jiyva.
    10 | D        | Found Oschuejea's Weapon Rack.
    10 | D        | Found Orur's Miscellaneous Merchandise.
    10 | D        | Found Edebas's Basic Armour.
    17 | D        | Reached skill level 1 in Stealth
    17 | D        | Reached skill level 4 in Unarmed Combat
    17 | D        | Reached XP level 2. HP: 16/18 MP: 3/5
    19 | D        | Found a stormy altar of Qazlal.
    20 | D        | Found a roughly hewn altar of Beogh.
    22 | D        | Found Miaroj's Do-It-Yourself Clinic.
    23 | D        | Found Happ's Bottled Wisdom.
    23 | D        | Found Yjemej's Distillery.
    24 | D        | Found a snail-covered altar of Cheibriados.
    24 | D        | Found a shimmering altar of Xom.
    24 | D        | Found a sacrificial altar of Ru.
    24 | D        | Found Ekiejar's Distillery.
    34 | D        | Found a glowing golden altar of the Shining One.
    35 | D        | Found a blossoming altar of Fedhas.
    36 | D        | Found an iron altar of Okawaru.
    37 | D        | Found Jano's Staff Store.
    38 | D        | Found Wopum's Must-Have Magic.
    38 | D        | Found Oriet's Magic Scroll Shop.
    39 | D        | Found a burning altar of Makhleb.
    39 | D        | Found a hide-covered altar of Uskayaw.
    39 | D        | Found a corrupted altar of Lugonu.
    39 | D        | Found Feciryru's Magic Scroll Shop.
    49 | D        | Reached skill level 5 in Unarmed Combat
    56 | D        | Noticed Purgy
    69 | D        | Slain by Purgy

Skill      XL: |  1  2 |
---------------+-------+-----
Stealth        | 1 2 |  2.2
Unarmed Combat | 4 5 |  5.0
Fighting       | |  1.0
Dodging        | |  2.0
Spellcasting   | |  2.0
Transmutations | |  2.0

Action                   || total
-------------------------++-------
Melee: Unarmed           ||     9
       Kick              ||     4
       Constrict         ||     1
       Tentacles         ||     1
 Cast: Beastly Appendage ||     3
  Use: Potion            ||     2
Armor: Skin              ||     2
Dodge: Dodged            ||    12
